 Dungeon Crawl Stone Soup version 0.18-b1-22-ge198996 (webtiles) character file.

123 oplop the Gusty (level 5, -6/28 HPs)
             Began as a Tengu Air Elementalist on May 3, 2016.
             Mangled by a centaur zombie (8 damage)
             ... on level 3 of the Dungeon.
             The game lasted 00:06:09 (2720 turns).

oplop the Gusty (Tengu Air Elementalist)            Turns: 2720, Time: 00:06:09

Health: -6/28      AC:  3    Str:  8    XL:     5   Next: 7%
Magic:  0/10       EV: 13    Int: 16    God:
Gold:   90         SH:  0    Dex: 15    Spells: 2 memorised, 5 levels left

rFire  . . .     SeeInvis .     d - +0 dagger
rCold  . . .     Gourm    .     a - +0 robe
rNeg   . . .     Faith    .     (no shield)
rPois  .         Spirit   .     (helmet restricted)
rElec  .         Dismiss  .     (no cloak)
rCorr  .         Reflect  .     e - +0 pair of gloves
SustAt .         Harm     .     (boots unavailable)
MR     .....                    (no amulet)
Stlth  ++........               (no ring)
                                (no ring)

@: not resistant to hostile enchantments, unstealthy
A: beak, talons 3, able to fly 1
a: Fly


You were on level 3 of the Dungeon.
You were not hungry.

You visited 1 branch of the dungeon, and saw 3 of its levels.

You collected 90 gold pieces.

Inventory:

Hand Weapons
 d - a +0 dagger (weapon)
Armour
 a - a +0 robe (worn)
 e - a +0 pair of gloves (worn)
Jewellery
 h - an uncursed ring of wizardry {unknown}
 k - an uncursed ring of stealth {unknown}
Wands
 o - a wand of flame (17/48)
Scrolls
 i - 2 scrolls of identify {unknown}
 j - 3 scrolls of remove curse {unknown}
 l - a scroll of noise {unknown}
 m - a scroll of amnesia {unknown}
Potions
 f - a potion of curing {unknown}
 g - a potion of heal wounds
 n - a potion of haste {unknown}
Books
 b - a book of Air

   Spells                             Type                      Level
   a - Shock                          Conjuration/Air              1
   b - Swiftness                      Charms/Air                   2
   c - Repel Missiles                 Charms/Air                   2
   d - Static Discharge               Conjuration/Air              3
   e - Lightning Bolt                 Conjuration/Air              5
Comestibles
 c - 2 bread rations


   Skills:
 + Level 3.4 Dodging
 - Level 2.0 Stealth
 + Level 2.7 Spellcasting
 + Level 3.5 Conjurations
 + Level 4.9 Air Magic


You had 5 spell levels left.
You knew the following spells:

 Your Spells              Type           Power        Failure   Level  Hunger
a - Shock                 Conj/Air       ###.         4%          1    #......
b - Static Discharge      Conj/Air       ###.....     12%         3    ###....


Dungeon Overview and Level Annotations

Branches:
Dungeon (3/15)

Altars:

Annotations:
D:2 Sigmund


Innate Abilities, Weirdness & Mutations

You have a beak for a mouth.
You have claws for feet.
You can fly.


Message History

You see here a rat corpse.
The centaur zombie hits you. The centaur zombie hits you!
Casting: Static Discharge
Confirm with . or Enter, or press ? or * to list all spells.
The centaur zombie is struck by lightning.
The lightning arcs!
You are struck by lightning.
* * * LOW HITPOINT WARNING * * *
The lightning grounds out.
The centaur zombie completely misses you.
You hit the centaur zombie.
You claw the centaur zombie, but do no damage.
The centaur zombie hits you.
* * * LOW HITPOINT WARNING * * *
The centaur zombie hits you.
* * * LOW HITPOINT WARNING * * *
You hit the centaur zombie but do no damage.
You claw the centaur zombie, but do no damage.
The centaur zombie hits you!
You die...

...........# ##. #.....#
...........####.. #.....#
................. #####g....#
..........#...... #........##
#.......###...... #.....)..#
...##...###....(. #........#
..........#......####†.......#
.......##..######...g........#
........).<.....@Z###........#
..................###........#
.......##.#.....#..###########
.......##..####.##..####
.............##.###....####
.............##.######....#
.#...........##......#....#
........##########.#....#
........# #......#


You could see a centaur zombie and a goblin.

Vanquished Creatures
  An orc wizard (D:3)
  3 adders (D:2)
  An ooze (D:2)
  A worm (D:2)
  A giant gecko (D:3)
  7 orcs
  3 bats
  6 giant cockroaches
  5 goblins
  9 hobgoblins
  5 kobolds
  3 ball pythons
  A giant newt (D:3)
  7 rats
53 creatures vanquished.

Vanquished Creatures (others)
  An ooze (D:3)
1 creature vanquished.

Grand Total: 54 creatures vanquished

Notes
Turn   | Place    | Note
--------------------------------------------------------------
     0 | D:1      | oplop the Tengu Air Elementalist began the quest for the Orb.
     0 | D:1      | Reached XP level 1. HP: 10/10 MP: 4/4
   398 | D:1      | Reached XP level 2. HP: 15/15 MP: 4/6
  1224 | D:2      | Noticed Sigmund
  1272 | D:2      | Reached XP level 3. HP: 19/19 MP: 5/7
  1798 | D:2      | Reached XP level 4. HP: 24/24 MP: 6/8
  2219 | D:3      | Gained mutation: You can fly. [Tengu growth]
  2219 | D:3      | Reached XP level 5. HP: 18/28 MP: 5/9
  2544 | D:2      | Learned a level 3 spell: Static Discharge
  2703 | D:3      | HP: 1/28 [/static electricity (3)]
  2720 | D:3      | Mangled by a centaur zombie

Skill      XL: |  1  2  3 |
---------------+----------+-----
Conjurations   | 2 3 |  3.5
Dodging        | 3 |  3.4
Stealth        | |  2.0
Spellcasting   | |  2.7
Air Magic      | |  4.9

Action                   |  1- 3 |  4- 6 || total
-------------------------+-------+-------++-------
Melee: Dagger            |    48 |    43 ||    91
       Kick              |    11 |     9 ||    20
       Peck              |     7 |     8 ||    15
 Cast: Shock             |    25 |    30 ||    55
       Static Discharge  |       |     4 ||     4
  Use: Scroll            |     1 |       ||     1
       Potion            |       |     1 ||     1
 Stab: Sleeping          |     6 |     4 ||    10
  Eat: Chunk             |     2 |       ||     2
       Bread ration      |       |     1 ||     1
Armor: Robe              |     4 |    10 ||    14
Dodge: Dodged            |    34 |    53 ||    87
